cohdb
Replays
Latest Replays
All Replays
Popular Replays
Top Player Replays
Match Explorer
How It Works
Community
CoH3 Stats
Reddit
Sign in to upload your games and track your stats! →
Sign in with Steam
Match 41966155
Unlisted
Match 41966155
Overview
Messages
Build Orders
End
Scout Squad
Scout Squad
Scout Squad
Construct Weapon Support Center
Selects Airborne Battlegroup
M1919 Machine Gun Team
Selects Pathfinders
M1919 Machine Gun Team
Infantry Support Center
M3 Armored Personnel Carrier
Selects Paratrooper Squad Paradrop
Paratrooper Squad Paradrop
Engineer Squad
Construct Medical Station
Selects Recon Loiter
Recon Loiter
M1919 Machine Gun Team
Selects Anti-tank Gun Team Paradrop
Bazooka Squad
Anti-tank Gun Team Paradrop
Recon Loiter
Construct Tank Depot
Anti-tank Gun Team Paradrop
Construct Tank Depot
M4A1 Sherman Medium Tank
Recon Loiter
M4A1 Sherman Medium Tank
Selects Supply Drop
Recon Loiter
Supply Drop
M4A1 Sherman Medium Tank
Recon Loiter
Selects Dual P-47 Rocket Strike
M4A1 Sherman Medium Tank
Recon Loiter
Dual P-47 Rocket Strike
Anti-tank Gun Team Paradrop
M4A1 Sherman Medium Tank
Anti-tank Gun Team Paradrop
HulkSMASH
Theodosios
0
0
Comments
sign in to comment!
No comments posted yet!